 Dungeon Crawl Stone Soup version 0.30.1-1-g62c8e00024 (webtiles) character file.

Game seed: 16089668020763282862

526 Inchmeat the Trooper (level 7, -1/64 HPs)
             Began as an Armataur Gladiator on July 17, 2023.
             Succumbed to an orc wizard's poison
             ... on level 3 of the Dungeon.
             The game lasted 00:08:06 (3422 turns).

Inchmeat the Trooper (Armataur Gladiator)           Turns: 3422, Time: 00:08:06

Health: -1/64      AC: 22    Str: 20    XL:     7   Next: 2%
Magic:  7/7        EV:  6    Int: 13    God:
Gold:   189        SH:  0    Dex: 10    Spells: 6/6 levels left

rFire   . . .        n - +1 short sword (protect)
rCold   + . .        (no shield)
rNeg    . . .        g - +0 chain mail
rPois   .            c - +0 helmet
rElec   .            t - +2 cloak
rCorr   .            (no gloves)
SInv    .            (no barding)
Will    .....        (no amulet) Stlth
                     (no ring)
HPRegen 0.30/turn    (no ring)
MPRegen 0.10/turn

%: roll
@: brilliant, lethally poisoned (-1 -> -17), under a protective aura, studying
Necromancy
A: large, rugged brown scales 3, deformed body, armoured tail, roll, long
tongue, awkward tongue, hooves 1, iridescent scales 1, clever 1, cold resistance
1, screaming 1
a: no special abilities


You were on level 3 of the Dungeon.
You visited 1 branch of the dungeon, and saw 4 of its levels.

You collected 189 gold pieces.

Inventory:

Hand Weapons
 h - a +1 dagger of speed
 n - a +1 short sword of protection (weapon)
 r - a +0 halberd
Missiles
 d - 4 throwing nets (quivered)
 e - a javelin
 m - 2 poisoned darts
 x - a curare-tipped dart
Armour
 b - a +0 leather armour
 c - a +0 helmet (worn)
 g - a +0 chain mail (worn)
 t - a +2 cloak (worn)
Magical Staves
 j - a staff of death
Jewellery
 o - a ring of protection from cold
Scrolls
 a - a scroll of noise {unknown}
 f - 3 scrolls of teleportation {unknown}
 i - 8 scrolls of identify {unknown}
 k - a scroll of vulnerability {unknown}
 q - 2 scrolls of silence {unknown}
 s - a scroll of fear {unknown}
 u - 3 scrolls of enchant armour {unknown}
 v - a scroll of enchant weapon {unknown}
 y - a scroll of blinking {unknown}
 z - a scroll of immolation {unknown}
Potions
 l - a potion of mutation


   Skills:
 + Level 4.7 Fighting
 - Level 3.3 Short Blades
 - Level 2.6 Staves
 - Level 1.7 Throwing
 - Level 4.4 Armour
 - Level 2.1 Dodging


You had 6 spell levels left.
You didn't know any spells.
Your spell library was empty.

Dungeon Overview and Level Annotations

Branches:
Dungeon (4/15)
 Temple: D:4-7

Altars:


Innate Abilities, Weirdness & Mutations

You are completely covered in rugged brown scales. (AC +3, +7% HP)
Armour fits poorly on your strangely shaped body.
You have a long armoured tail.
You roll when moving toward enemies. (Rampage)
Your long tongue fully drains potion bottles. (2x potion effects)
Your tongue gives you trouble enunciating. (1.5x scroll delay)
You have large cloven feet.
You are partially covered in iridescent scales. (AC +2)
Your mind is acute. (Int +4, Str/Dex -1)
Your flesh is cold resistant. (rC+)
You occasionally shout uncontrollably at your foes.


Message History

Something hits you but does no damage.
You are more poisoned.
Something hits you.
You are lethally poisoned!
* * * LOW HITPOINT WARNING * * *
You feel very sick.
There is a stone staircase leading up here.
* * * LOW HITPOINT WARNING * * *
You feel very sick.
An orc wizard appears from thin air!
Reactivating autopickup.
The orc wizard closely misses you.
You climb upwards.
* * * LOW HITPOINT WARNING * * *
You feel very sick.
There is a stone staircase leading down here.
Okay, then.
Okay, then.
You hit the orc wizard.
Your weapon exudes an aura of protection.
The orc wizard is moderately wounded.
* * * LOW HITPOINT WARNING * * *
You feel sick.
The orc wizard hits you but does no damage.
You miss the orc wizard. Your kick misses the orc wizard.
You tail-slap the orc wizard.
The orc wizard is heavily wounded.
* * * LOW HITPOINT WARNING * * *
You feel sick.
The orc wizard hits you but does no damage.
You are more poisoned.
You barely miss the orc wizard. Your kick misses the orc wizard.
The orc wizard is heavily wounded.
* * * LOW HITPOINT WARNING * * *
You feel very sick.
The orc wizard hits you but does no damage.
You are more poisoned.
You hit the orc wizard. You kick the orc wizard.
The orc wizard is almost dead.
You die...

...†.## ....##.....†..#.......
~⌠~~..##........#.##...#.......
...⌠........# ##.....#.#.......
##.~..##....###...####.#.......
...~...#....##...## #.........
##.⌠....# #.##...# #......b..
...⌠....###......# #.###
~⌠P⌠....##......o# #.#
...........##.##@# #.#
........#..##.##.# #.#
..............##.#####.#
.............# #....#..#
.............######....#
........#.<>...#####...#
........#..............#
........#....######.#..#
.......###..... #......#


You could see an orc wizard.

Vanquished Creatures
  Sigmund (D:2)
  A kobold brigand (D:4)
  A jelly (D:2)
  2 orc priests (D:4)
  2 orc wizards
  4 gnolls
  4 adders
  2 worms
  A dart slug (D:1)
  8 orcs
  13 endoplasms
  2 giant cockroaches
  6 goblins
  5 hobgoblins
  2 quokkas
  10 ball pythons
  5 bats
  2 frilled lizards
  11 kobolds
  7 rats
89 creatures vanquished.

Notes
Turn   | Place    | Note
-------+----------+-------------------------------------------
     0 | D:1      | Inchmeat the Armataur Gladiator began the quest for the
                  | Orb.
     0 | D:1      | Reached XP level 1. HP: 18/18 MP: 1/1
   148 | D:1      | Reached XP level 2. HP: 26/26 MP: 2/2
   408 | D:1      | Reached XP level 3. HP: 32/33 MP: 3/3
   745 | D:2      | Reached skill level 1 in Armour
   821 | D:2      | Noticed Sigmund
  1178 | D:2      | Killed Sigmund
  1179 | D:2      | Reached skill level 1 in Short Blades
  1179 | D:2      | Reached XP level 4. HP: 25/42 MP: 4/4
  1179 | D:2      | Reached XP level 5. HP: 29/49 MP: 5/5
  1960 | D:2      | Reached XP level 6. HP: 54/55 MP: 6/6
  2196 | D:3      | Found a faded altar of an unknown god.
  2742 | D:3      | You fall into a shaft and drop 1 floor!
  3386 | D:4      | Gained mutation: You occasionally shout uncontrollably at
                  | your foes. [potion of mutation]
  3386 | D:4      | Gained mutation: Your mind is acute. (Int +4, Str/Dex -1)
                  | [potion of mutation]
  3386 | D:4      | Gained mutation: Your flesh is cold resistant. (rC+)
                  | [potion of mutation]
  3386 | D:4      | Gained mutation: You are partially covered in iridescent
                  | scales. (AC +2) [potion of mutation]
  3386 | D:4      | Gained mutation: You have large cloven feet. [potion of
                  | mutation]
  3390 | D:4      | Reached XP level 7. HP: 61/64 MP: 7/7
  3421 | D:3      | HP: 2/64 [poisoned by an orc wizard]
  3422 | D:3      | Succumbed to an orc wizard's poison

Illustrated notes

Levels and vault maps discovered:
D:1:      ldierk_walled_garden_2, layout_basic
D:2:      cheibrodos_fertilizer, layout_loops_cross, uniq_sigmund
D:3:      layout_rooms, shapermc_ecumenical_altar_acropolis
D:4:      layout_basic

Skill      XL: |  1  2  3  4  5  6 |
---------------+-------------------+-----
Fighting       | 2 3 4 |  4.7
Armour         | 3 4 |  4.4
Short Blades   | 1 2 3 |  3.3
Staves         | |  2.6
Throwing       | |  1.7
Dodging        | |  2.1

Action                     |  1- 3 |  4- 6 |  7- 9 || total
---------------------------+-------+-------+-------++-------
  Melee: Quarterstaff      |    17 |       |       ||    17
         Tailslap          |    14 |    28 |     1 ||    43
         Dagger            |    98 |    41 |       ||   139
         Punch             |     2 |     1 |       ||     3
         Short sword       |       |   214 |    16 ||   230
         Kick              |       |     1 |     3 ||     4
    Use: Potion            |       |     3 |       ||     3
 Armour: Leather armour    |     3 |       |       ||     3
         Chain mail        |    33 |   145 |    19 ||   197
  Dodge: Dodged            |    26 |    80 |     2 ||   108
